Bruins vs Blackhawks
Created - 22 décembre 2016 at 23:41
Goals
|
| Bruins |
1 |
1 |
1 |
0 |
1 |
3 |
| Blackhawks |
1 |
2 |
0 |
0 |
2 |
4 |
|
Shots
|
| Bruins |
11 |
12 |
9 |
3 |
3 |
35 |
| Blackhawks |
14 |
10 |
9 |
1 |
3 |
34 |
|
1st period
1. Bruins , Henrik Sedin 19 (Wojtek Wolski) at 9:33
2. Blackhawks , Derick Brassard 13 (Patrick Kane) at 14:09
Penalties :
Adam Pineault (Bos) for Hooking (Minor) at 0:19, Victor Oreskovich (Bos) for Hooking (Minor) at 5:34
2nd period
3. Bruins , Matt Cooke 10 (Andrew Alberts) at 3:51 (PP)
4. Blackhawks , Niclas Bergfors 12 (Jonathan Toews) at 16:58
5. Blackhawks , Antoine Roussel 9 (Patrick Kane, Ian White) at 17:46
Penalties :
Joni Pitkanen (Chi) for Tripping (Minor) at 3:07, Kyle Brodziak (Chi) for Holding (Minor) at 4:41, Adam Pineault (Bos) for Interference (Minor) at 5:32
3rd period
6. Bruins , Henrik Sedin 20 (Wojtek Wolski) at 19:34
Penalties :
Dave Bolland (Bos) for Hooking (Minor) at 5:49, Derick Brassard (Chi) for Diving (Minor) at 13:09
Overtime #1
No Goal
Penalties :
No Penalty
Shootout
Penalty Shot by Wojtek Wolski for Bruins - Stopped by Jimmy Howard
Penalty Shot by Patrick Kane for Blackhawks - Goal!
Penalty Shot by Henrik Sedin for Bruins - Stopped by Jimmy Howard
Penalty Shot by Derick Brassard for Blackhawks - Stopped by Karri Ramo
Penalty Shot by Victor Oreskovich for Bruins - Goal!
Penalty Shot by Jonathan Toews for Blackhawks - Goal!
Penalties :
No Penalty
Goalie Stats
Karri Ramo (Bos), 31 saves from 34 shots - (0,912), OTL, 4-3-1, 64:20 minutes
Jimmy Howard (Chi), 32 saves from 35 shots - (0,914), W, 13-7-1, 65:00 minutes
Players Stats for Bruins
Player Name G A P +/- PIM S H SB GA TA FO MP PP MP PK MP
------------------------------------------------------------------------------------
Adam Pineault 0 0 0 0 4 0 3 1 0 0 1/1 14:41 1:17 0:00
Andrew Alberts 0 1 1 0 0 3 2 0 1 0 0/0 31:32 2:07 3:48
Curtis Glencross 0 0 0 -1 0 3 1 0 0 0 0/0 10:34 0:00 0:52
Dave Bolland 0 0 0 0 2 2 1 1 0 0 3/8 11:03 0:00 0:10
Daymond Langkow 0 0 0 0 0 5 1 0 0 0 4/14 13:22 1:18 0:00
Erik Condra 0 0 0 0 0 0 0 1 0 0 1/2 9:56 0:00 0:00
Henrik Sedin 2 0 2 0 0 3 3 1 2 0 22/39 24:32 2:16 3:40
Jason Demers 0 0 0 0 0 0 3 3 0 1 0/0 31:32 2:07 3:48
Justin Falk 0 0 0 -1 0 0 0 2 0 0 0/0 10:22 0:00 0:00
Kris Chucko 0 0 0 -1 0 1 1 0 0 0 0/0 10:50 0:00 0:00
Mark Stuart 0 0 0 0 0 2 1 1 0 0 0/0 23:06 1:27 3:00
Matt Cooke 1 0 1 0 0 4 2 1 0 0 1/1 18:48 1:18 2:16
Matt Hendricks 0 0 0 -1 0 0 0 0 0 0 6/7 9:28 0:00 0:00
Nate Prosser 0 0 0 -1 0 1 1 0 0 1 0/0 10:22 0:00 0:00
Ryan O'Byrne 0 0 0 0 0 0 4 2 1 1 0/0 23:06 1:27 3:00
Victor Oreskovich 0 0 0 0 2 3 2 0 1 0 1/1 22:14 2:16 1:25
Viktor Stalberg 0 0 0 0 0 2 2 0 0 0 0/0 11:59 0:00 1:33
Wojtek Wolski 0 2 2 0 0 6 3 0 1 0 3/6 24:33 2:16 3:40
Players Stats for Blackhawks
Player Name G A P +/- PIM S H SB GA TA FO MP PP MP PK MP
------------------------------------------------------------------------------------
Antoine Roussel 1 0 1 1 0 5 3 1 0 2 3/5 22:04 4:25 1:04
Brendan Bell 0 0 0 0 0 3 1 0 0 0 0/0 11:13 0:00 0:31
Carson Mcmillan 0 0 0 0 0 0 0 0 0 0 0/1 8:33 0:00 0:00
Dave Tanabe 0 0 0 0 0 0 0 0 0 0 0/0 10:42 0:00 0:00
Denis Grebeshkov 0 0 0 0 0 1 1 0 0 1 0/0 22:15 1:58 2:15
Derick Brassard 1 0 1 1 2 1 3 0 0 0 11/23 23:47 4:13 0:00
Ian White 0 1 1 1 0 1 1 3 0 0 0/0 32:36 4:50 1:52
Jonathan Toews 0 1 1 0 0 5 1 1 0 0 9/25 18:45 2:22 1:04
Joni Pitkanen 0 0 0 1 2 3 2 1 0 1 0/0 31:42 4:50 0:59
Kurt Sauer 0 0 0 0 0 0 0 0 1 0 0/0 21:31 1:58 1:31
Kyle Brodziak 0 0 0 0 2 2 0 0 0 0 1/3 8:33 0:01 0:00
Niclas Bergfors 1 0 1 0 0 3 4 1 0 1 0/0 17:41 2:22 0:00
Oleg Saprykin 0 0 0 0 0 1 0 0 0 0 0/0 10:05 0:00 1:32
Patrick Kaleta 0 0 0 0 0 0 0 0 1 0 0/0 10:46 0:00 0:43
Patrick Kane 0 2 2 1 0 2 1 0 1 1 3/6 24:00 4:13 0:00
Peter Regin 0 0 0 0 0 2 1 0 0 0 9/13 13:36 0:13 2:30
Ryan Hollweg 0 0 0 0 0 3 2 2 0 0 1/3 16:11 2:22 0:15
Tomas Fleischmann 0 0 0 0 0 2 0 0 0 0 0/0 11:15 0:13 0:00
3 Stars
1 - Henrik Sedin (Bos)
2 - Antoine Roussel (Chi)
3 - Niclas Bergfors (Chi)
Power Play
Bruins - 1 on 3 Attempt(s) - 33,33%
Blackhawks - 0 on 4 Attempt(s) - 0,00%
Penalty Kill
Bruins - 4 on 4 Attempt(s) - 100,00%
- Score 0 goal in Penalty Kill
Blackhawks - 2 on 3 Attempt(s) - 66,67%
- Score 0 goal in Penalty Kill
Team Stat
Bruins - Hits : 30 - Faceoff Wins : 42 - Blocked Shots : 13 - Penalty Minutes : 8
Blackhawks - Hits : 20 - Faceoff Wins : 37 - Blocked Shots : 9 - Penalty Minutes : 6
Official
Referees : Devorski Paul and Meier Brad
Linesman : Michel Cormier and Shane Heyer
Game Notes
No Game Note
Finance
Level 1 -- Attendance: 4284 (71,40%) -- Ticket Income 398 412 $
Level 2 -- Attendance: 3909 (78,18%) -- Ticket Income 226 722 $
Level 3 -- Attendance: 1535 (76,75%) -- Ticket Income 56 795 $
Level 4 -- Attendance: 2861 (71,53%) -- Ticket Income 74 386 $
Luxury Box -- Attendance: 767 (76,70%) -- Ticket Income 132 691 $
Game was played at the Rexall Place.
Total Attendance: 13356 (74,20%)
Total Ticket Income: 889 006 $
Other Income: 133 351 $
Total Income: 1 022 357 $
Bruins
5 vs 5 Forward
Center Left Wing Right Wing Time % Phy DF OF
1 Henrik Sedin Wojtek Wolski Victor Oreskovich 40 1 2 2
2 Daymond Langkow Matt Cooke Adam Pineault 30 1 2 2
3 Dave Bolland Viktor Stalberg Erik Condra 20 1 2 2
4 Matt Hendricks Curtis Glencross Kris Chucko 10 1 2 2
5 vs 5 Defense
Defense Defense Time % Phy DF OF
1 Jason Demers Andrew Alberts 40 1 2 2
2 Ryan O'Byrne Mark Stuart 30 1 2 2
3 Nate Prosser Justin Falk 20 1 2 2
4 Jason Demers Andrew Alberts 10 1 2 2
PowerPlay Forward
Center Left Wing Right Wing Time % Phy DF OF
1 Henrik Sedin Wojtek Wolski Victor Oreskovich 60 1 2 2
2 Daymond Langkow Matt Cooke Adam Pineault 40 1 2 2
PowerPlay Defense
Defense Defense Time % Phy DF OF
1 Jason Demers Andrew Alberts 60 1 2 2
2 Ryan O'Byrne Mark Stuart 40 1 2 2
Penalty Kill 4 Players Forward
Center Wing Time % Phy DF OF
1 Henrik Sedin Wojtek Wolski 60 1 2 2
2 Victor Oreskovich Matt Cooke 40 1 2 2
Penalty Kill 4 Players Defense
Defense Defense Time % Phy DF OF
1 Jason Demers Andrew Alberts 60 1 2 2
2 Ryan O'Byrne Mark Stuart 40 1 2 2
Penalty Kill - 3 Players Forward
Forward Time % Phy DF OF
1 Henrik Sedin 60 1 2 2
2 Dave Bolland 40 1 2 2
Penalty Kill - 3 Players Defense
Defense Defense Time % Phy DF OF
1 Jason Demers Andrew Alberts 60 1 2 2
2 Ryan O'Byrne Mark Stuart 40 1 2 2
4 vs 4 Forward
Center Wing Time % Phy DF OF
1 Wojtek Wolski Henrik Sedin 60 1 2 2
2 Victor Oreskovich Matt Cooke 40 1 2 2
4 vs 4 Defense
Defense Defense Time % Phy DF OF
1 Jason Demers Andrew Alberts 60 1 2 2
2 Ryan O'Byrne Mark Stuart 40 1 2 2
Last Minutes Offensive
Center Left Wing Right Wing Defense Defense
Henrik Sedin Wojtek Wolski Victor Oreskovich Jason Demers Andrew Alberts
Last Minutes Defensive
Center Left Wing Right Wing Defense Defense
Henrik Sedin Wojtek Wolski Victor Oreskovich Jason Demers Andrew Alberts
Goaltenders
Starting : Karri Ramo
Backup : Roberto Luongo
Extra Forwards
Normal : Kris Chucko, Dave Bolland, Viktor Stalberg - PP : Kris Chucko, Dave Bolland - PK : Viktor Stalberg
Extra Defensemen
Normal : Nate Prosser, Justin Falk, Ryan O'Byrne - PP : Nate Prosser - PK : Justin Falk, Ryan O'Byrne
Penalty Shots
Wojtek Wolski, Henrik Sedin, Victor Oreskovich, Matt Cooke, Daymond Langkow
Blackhawks
5 vs 5 Forward
Center Left Wing Right Wing Time % Phy DF OF
1 Derick Brassard Antoine Roussel Patrick Kane 40 1 2 2
2 Jonathan Toews Ryan Hollweg Niclas Bergfors 30 1 2 2
3 Peter Regin Tomas Fleischmann Patrick Kaleta 20 1 2 2
4 Kyle Brodziak Oleg Saprykin Carson Mcmillan 10 1 2 2
5 vs 5 Defense
Defense Defense Time % Phy DF OF
1 Ian White Joni Pitkanen 40 1 2 2
2 Kurt Sauer Denis Grebeshkov 30 1 2 2
3 Dave Tanabe Brendan Bell 20 1 2 2
4 Ian White Joni Pitkanen 10 1 2 2
PowerPlay Forward
Center Left Wing Right Wing Time % Phy DF OF
1 Derick Brassard Antoine Roussel Patrick Kane 60 1 2 2
2 Jonathan Toews Ryan Hollweg Niclas Bergfors 40 1 2 2
PowerPlay Defense
Defense Defense Time % Phy DF OF
1 Ian White Joni Pitkanen 60 1 2 2
2 Kurt Sauer Denis Grebeshkov 40 1 2 2
Penalty Kill 4 Players Forward
Center Wing Time % Phy DF OF
1 Peter Regin Oleg Saprykin 60 1 2 2
2 Jonathan Toews Antoine Roussel 40 1 2 2
Penalty Kill 4 Players Defense
Defense Defense Time % Phy DF OF
1 Ian White Joni Pitkanen 60 1 2 2
2 Kurt Sauer Denis Grebeshkov 40 1 2 2
Penalty Kill - 3 Players Forward
Forward Time % Phy DF OF
1 Peter Regin 60 1 2 2
2 Jonathan Toews 40 1 2 2
Penalty Kill - 3 Players Defense
Defense Defense Time % Phy DF OF
1 Ian White Joni Pitkanen 60 1 2 2
2 Kurt Sauer Denis Grebeshkov 40 1 2 2
4 vs 4 Forward
Center Wing Time % Phy DF OF
1 Patrick Kane Derick Brassard 60 1 2 2
2 Jonathan Toews Niclas Bergfors 40 1 2 2
4 vs 4 Defense
Defense Defense Time % Phy DF OF
1 Ian White Joni Pitkanen 60 1 2 2
2 Kurt Sauer Denis Grebeshkov 40 1 2 2
Last Minutes Offensive
Center Left Wing Right Wing Defense Defense
Derick Brassard Antoine Roussel Patrick Kane Ian White Joni Pitkanen
Last Minutes Defensive
Center Left Wing Right Wing Defense Defense
Derick Brassard Antoine Roussel Patrick Kane Ian White Joni Pitkanen
Goaltenders
Starting : Jimmy Howard
Backup : Al Montoya
Extra Forwards
Normal : Tomas Fleischmann, Peter Regin, Patrick Kaleta - PP : Tomas Fleischmann, Peter Regin - PK : Patrick Kaleta
Extra Defensemen
Normal : Joni Pitkanen, Denis Grebeshkov, Kurt Sauer - PP : Joni Pitkanen - PK : Denis Grebeshkov, Kurt Sauer
Penalty Shots
Patrick Kane, Derick Brassard, Jonathan Toews, Niclas Bergfors, Antoine Roussel
% Time on Ice - Bruins
Lines # - Real PCT - Wanted PCT - Time Play
Normal Forward
1 - 31% - 40% - 14:48
2 - 29% - 30% - 13:41
3 - 21% - 20% - 9:56
4 - 20% - 10% - 9:28
Normal Defense
1 - 41% - 40% - 19:31
2 - 34% - 30% - 16:09
3 - 22% - 20% - 10:22
4 - 4% - 10% - 1:51
PP Forward
1 - 64% - 60% - 2:16
2 - 36% - 40% - 1:18
PP Defense
1 - 59% - 60% - 2:07
2 - 41% - 40% - 1:27
PK Forward
1 - 67% - 60% - 4:32
2 - 33% - 40% - 2:16
PK Defense
1 - 56% - 60% - 3:48
2 - 44% - 40% - 3:00
PK3 Forward
1 - 0% - 60%
2 - 0% - 40%
PK3 Defense
1 - 0% - 60%
2 - 0% - 40%
44 Forward
1 - 70% - 60% - 4:19
2 - 30% - 40% - 1:49
44 Defense
1 - 61% - 60% - 3:46
2 - 39% - 40% - 2:22
Last Minute Offensive - 0:37
Last Minute Defensive - 0:00
Total
Forward - 65:00
Defense - 65:00
|
% Time on Ice - Blackhawks
Lines # - Real PCT - Wanted PCT - Time Play
Normal Forward
1 - 33% - 40% - 15:53
2 - 28% - 30% - 13:34
3 - 20% - 20% - 9:47
4 - 18% - 10% - 8:33
Normal Defense
1 - 42% - 40% - 19:59
2 - 32% - 30% - 15:19
3 - 22% - 20% - 10:36
4 - 4% - 10% - 1:53
PP Forward
1 - 65% - 60% - 4:26
2 - 35% - 40% - 2:22
PP Defense
1 - 71% - 60% - 4:50
2 - 29% - 40% - 1:58
PK Forward
1 - 70% - 60% - 2:30
2 - 30% - 40% - 1:04
PK Defense
1 - 57% - 60% - 2:03
2 - 43% - 40% - 1:31
PK3 Forward
1 - 0% - 60%
2 - 0% - 40%
PK3 Defense
1 - 0% - 60%
2 - 0% - 40%
44 Forward
1 - 71% - 60% - 4:23
2 - 29% - 40% - 1:45
44 Defense
1 - 56% - 60% - 3:25
2 - 44% - 40% - 2:43
Last Minute Offensive - 0:00
Last Minute Defensive - 0:43
Total
Forward - 65:00
Defense - 65:00
|
Play by Play
1st period
0:01 of 1st period - Derick Brassard wins face-off versus Henrik Sedin in neutral zone.
0:12 of 1st period - Backhand shot by Patrick Kane.
0:12 of 1st period - Stopped by Karri Ramo without a rebound.
0:13 of 1st period - Jonathan Toews wins face-off versus Daymond Langkow in Bruins zone.
0:19 of 1st period - Minor Penalty to Adam Pineault for Hooking.
0:20 of 1st period - Derick Brassard wins face-off versus Henrik Sedin in Bruins zone.
0:28 of 1st period - Wrist shot by Patrick Kane.
0:28 of 1st period - Deflect By Antoine Roussel.
0:28 of 1st period - Shot Misses the Net.
0:28 of 1st period - Puck is out of play.
0:29 of 1st period - Antoine Roussel wins face-off versus Henrik Sedin in Bruins zone.
0:48 of 1st period - Wrist shot by Antoine Roussel.
0:48 of 1st period - Shot Misses the Net.
1:48 of 1st period - Wrist shot by Patrick Kane.
1:48 of 1st period - Shot Misses the Net.
2:13 of 1st period - Icing by Patrick Kane.
2:14 of 1st period - Victor Oreskovich wins face-off versus Jonathan Toews in Blackhawks zone.
2:19 of 1st period - Penalty to Adam Pineault is over, Adam Pineault is back on ice.
2:23 of 1st period - Snap shot by Jonathan Toews.
2:23 of 1st period - Shot Blocked by Jason Demers.
3:17 of 1st period - Wrist shot by Matt Hendricks.
3:17 of 1st period - Shot Misses the Net.
3:29 of 1st period - Ryan Hollweg is hit by Wojtek Wolski and loses puck.
4:07 of 1st period - Dave Tanabe is hit by Dave Bolland and loses puck.
4:14 of 1st period - Kyle Brodziak is hit by Viktor Stalberg and loses puck.
4:23 of 1st period - Dave Bolland is hit by Brendan Bell.
4:37 of 1st period - Snap shot by Dave Bolland.
4:37 of 1st period - Stopped by Jimmy Howard without a rebound.
4:38 of 1st period - Henrik Sedin wins face-off versus Jonathan Toews in Blackhawks zone.
4:41 of 1st period - Wrist shot by Wojtek Wolski.
4:41 of 1st period - Stopped by Jimmy Howard without a rebound.
4:42 of 1st period - Ryan Hollweg wins face-off versus Henrik Sedin in Blackhawks zone.
4:42 of 1st period - Ryan Hollweg is hit by Victor Oreskovich.
4:54 of 1st period - Backhand shot by Niclas Bergfors.
4:54 of 1st period - Stopped by Karri Ramo with a rebound.
5:07 of 1st period - Off-side.
5:08 of 1st period - Matt Cooke wins face-off versus Derick Brassard in neutral zone.
5:34 of 1st period - Minor Penalty to Victor Oreskovich for Hooking.
5:35 of 1st period - Henrik Sedin wins face-off versus Jonathan Toews in Bruins zone.
5:39 of 1st period - Off-side.
5:40 of 1st period - Jonathan Toews wins face-off versus Henrik Sedin in neutral zone.
6:12 of 1st period - Wrist shot by Matt Cooke.
6:12 of 1st period - Stopped by Jimmy Howard with a rebound.
6:14 of 1st period - Snap shot by Matt Cooke.
6:14 of 1st period - Stopped by Jimmy Howard without a rebound.
6:15 of 1st period - Henrik Sedin wins face-off versus Jonathan Toews in Blackhawks zone.
6:50 of 1st period - Snap shot by Viktor Stalberg.
6:50 of 1st period - Shot Misses the Net.
7:18 of 1st period - Kurt Sauer is hit by Jason Demers and loses puck.
7:25 of 1st period - Andrew Alberts is hit by Derick Brassard and loses puck.
7:34 of 1st period - Penalty to Victor Oreskovich is over, Victor Oreskovich is back on ice.
7:45 of 1st period - Patrick Kaleta is hit by Wojtek Wolski and loses puck.
8:12 of 1st period - Snap shot by Curtis Glencross.
8:12 of 1st period - Stopped by Jimmy Howard without a rebound.
8:13 of 1st period - Matt Hendricks wins face-off versus Derick Brassard in Blackhawks zone.
8:46 of 1st period - Snap shot by Matt Hendricks.
8:46 of 1st period - Shot Misses the Net.
9:13 of 1st period - Snap shot by Kris Chucko.
9:13 of 1st period - Shot Blocked by Ian White.
9:25 of 1st period - Wrist shot by Nate Prosser.
9:25 of 1st period - Deflect By Curtis Glencross.
9:25 of 1st period - Stopped by Jimmy Howard with a rebound.
9:29 of 1st period - Slapshot by Ryan O'Byrne.
9:29 of 1st period - Deflect By Kris Chucko.
9:29 of 1st period - Shot Blocked by Joni Pitkanen.
9:29 of 1st period - Puck is out of play.
9:30 of 1st period - Henrik Sedin wins face-off versus Jonathan Toews in Blackhawks zone.
9:33 of 1st period - Snap shot by Henrik Sedin.
9:33 of 1st period - Goal by Henrik Sedin - Bruins : 1 - Blackhawks : 0.
9:34 of 1st period - Henrik Sedin wins face-off versus Jonathan Toews in neutral zone.
10:23 of 1st period - Patrick Kaleta is hit by Jason Demers and loses puck.
10:42 of 1st period - Slapshot by Henrik Sedin.
10:42 of 1st period - Stopped by Jimmy Howard with a rebound.
11:37 of 1st period - Icing by Brendan Bell.
11:38 of 1st period - Peter Regin wins face-off versus Daymond Langkow in Blackhawks zone.
11:53 of 1st period - Wrist shot by Peter Regin.
11:53 of 1st period - Shot Misses the Net.
11:55 of 1st period - Wrist shot by Tomas Fleischmann.
11:55 of 1st period - Shot Misses the Net.
11:57 of 1st period - Snap shot by Brendan Bell.
11:57 of 1st period - Shot Misses the Net.
11:59 of 1st period - Backhand shot by Brendan Bell.
11:59 of 1st period - Stopped by Karri Ramo with a rebound.
12:01 of 1st period - Slapshot by Patrick Kaleta.
12:01 of 1st period - Deflect By Ryan O'Byrne.
12:01 of 1st period - Shot Misses the Net.
12:01 of 1st period - Puck is out of play.
12:02 of 1st period - Derick Brassard wins face-off versus Erik Condra in Bruins zone.
12:34 of 1st period - Slapshot by Kris Chucko.
12:34 of 1st period - Stopped by Jimmy Howard without a rebound.
12:35 of 1st period - Matt Hendricks wins face-off versus Jonathan Toews in Blackhawks zone.
12:56 of 1st period - Snap shot by Jonathan Toews.
12:56 of 1st period - Stopped by Karri Ramo without a rebound.
12:57 of 1st period - Derick Brassard wins face-off versus Daymond Langkow in Bruins zone.
12:58 of 1st period - Slapshot by Patrick Kane.
12:58 of 1st period - Stopped by Karri Ramo without a rebound.
12:59 of 1st period - Daymond Langkow wins face-off versus Derick Brassard in Bruins zone.
13:45 of 1st period - Slapshot by Antoine Roussel.
13:45 of 1st period - Stopped by Karri Ramo with a rebound.
13:47 of 1st period - Snap shot by Derick Brassard.
13:47 of 1st period - Shot Misses the Net.
13:49 of 1st period - Snap shot by Antoine Roussel.
13:49 of 1st period - Stopped by Karri Ramo with a rebound.
13:51 of 1st period - Wrist shot by Antoine Roussel.
13:51 of 1st period - Shot Misses the Net.
14:09 of 1st period - Backhand shot by Derick Brassard.
14:09 of 1st period - Goal by Derick Brassard - Bruins : 1 - Blackhawks : 1.
14:10 of 1st period - Daymond Langkow wins face-off versus Jonathan Toews in neutral zone.
14:23 of 1st period - Slapshot by Ryan Hollweg.
14:23 of 1st period - Stopped by Karri Ramo with a rebound.
14:25 of 1st period - Snap shot by Ryan Hollweg.
14:25 of 1st period - Deflect By Jonathan Toews.
14:25 of 1st period - Shot Misses the Net.
14:25 of 1st period - Puck is out of play.
14:26 of 1st period - Peter Regin wins face-off versus Henrik Sedin in Bruins zone.
16:14 of 1st period - Off-side.
16:15 of 1st period - Jonathan Toews wins face-off versus Dave Bolland in neutral zone.
16:48 of 1st period - Slapshot by Jonathan Toews.
16:48 of 1st period - Stopped by Karri Ramo with a rebound.
16:54 of 1st period - Snap shot by Jonathan Toews.
16:54 of 1st period - Shot Blocked by Justin Falk.
17:14 of 1st period - Slapshot by Nate Prosser.
17:14 of 1st period - Stopped by Jimmy Howard without a rebound.
17:15 of 1st period - Henrik Sedin wins face-off versus Derick Brassard in Blackhawks zone.
17:28 of 1st period - Snap shot by Henrik Sedin.
17:28 of 1st period - Shot Misses the Net.
18:05 of 1st period - Backhand shot by Curtis Glencross.
18:05 of 1st period - Stopped by Jimmy Howard without a rebound.
18:06 of 1st period - Derick Brassard wins face-off versus Wojtek Wolski in Blackhawks zone.
18:16 of 1st period - Off-side.
18:17 of 1st period - Derick Brassard wins face-off versus Henrik Sedin in neutral zone.
18:20 of 1st period - Wojtek Wolski is hit by Antoine Roussel and loses puck.
18:31 of 1st period - Slapshot by Antoine Roussel.
18:31 of 1st period - Shot Misses the Net.
18:33 of 1st period - Wrist shot by Joni Pitkanen.
18:33 of 1st period - Stopped by Karri Ramo without a rebound.
18:34 of 1st period - Jonathan Toews wins face-off versus Daymond Langkow in Bruins zone.
18:35 of 1st period - Snap shot by Ryan Hollweg.
18:35 of 1st period - Shot Blocked by Mark Stuart.
18:37 of 1st period - Wrist shot by Joni Pitkanen.
18:37 of 1st period - Shot Blocked by Ryan O'Byrne.
18:39 of 1st period - Slapshot by Ian White.
18:39 of 1st period - Shot Blocked by Adam Pineault.
18:41 of 1st period - Snap shot by Joni Pitkanen.
18:41 of 1st period - Stopped by Karri Ramo with a rebound.
18:43 of 1st period - Wrist shot by Joni Pitkanen.
18:43 of 1st period - Deflect By Ryan O'Byrne.
18:43 of 1st period - Stopped by Karri Ramo without a rebound.
18:44 of 1st period - Jonathan Toews wins face-off versus Daymond Langkow in Bruins zone.
18:51 of 1st period - Ryan Hollweg is hit by Adam Pineault and loses puck.
19:14 of 1st period - Slapshot by Daymond Langkow.
19:14 of 1st period - Shot Blocked by Ryan Hollweg.
19:58 of 1st period - Snap shot by Ryan Hollweg.
19:58 of 1st period - Stopped by Karri Ramo with a rebound.
Goals for this period are 1 for Bruins vs 1 for Blackhawks.
Shots for this period are 11 for Bruins vs 14 for Blackhawks.
2nd period
0:01 of 2nd period - Henrik Sedin wins face-off versus Derick Brassard in neutral zone.
0:55 of 2nd period - Tomas Fleischmann is hit by Matt Cooke and loses puck.
1:16 of 2nd period - Off-side.
1:17 of 2nd period - Matt Hendricks wins face-off versus Derick Brassard in neutral zone.
2:04 of 2nd period - Wrist shot by Patrick Kane.
2:04 of 2nd period - Shot Misses the Net.
2:09 of 2nd period - Off-side.
2:10 of 2nd period - Henrik Sedin wins face-off versus Jonathan Toews in neutral zone.
2:13 of 2nd period - Backhand shot by Wojtek Wolski.
2:13 of 2nd period - Stopped by Jimmy Howard without a rebound.
2:14 of 2nd period - Henrik Sedin wins face-off versus Jonathan Toews in Blackhawks zone.
2:40 of 2nd period - Off-side.
2:41 of 2nd period - Peter Regin wins face-off versus Daymond Langkow in neutral zone.
3:07 of 2nd period - Minor Penalty to Joni Pitkanen for Tripping.
3:08 of 2nd period - Henrik Sedin wins face-off versus Peter Regin in Blackhawks zone.
3:17 of 2nd period - Wrist shot by Victor Oreskovich.
3:17 of 2nd period - Stopped by Jimmy Howard with a rebound.
3:19 of 2nd period - Slapshot by Andrew Alberts.
3:19 of 2nd period - Stopped by Jimmy Howard without a rebound.
3:20 of 2nd period - Peter Regin wins face-off versus Henrik Sedin in Blackhawks zone.
3:51 of 2nd period - Snap shot by Matt Cooke.
3:51 of 2nd period - Goal by Matt Cooke - Bruins : 2 - Blackhawks : 1.
3:52 of 2nd period - Derick Brassard wins face-off versus Henrik Sedin in neutral zone.
3:55 of 2nd period - Wrist shot by Ian White.
3:55 of 2nd period - Stopped by Karri Ramo with a rebound.
4:03 of 2nd period - Patrick Kane is hit by Henrik Sedin and loses puck.
4:25 of 2nd period - Joni Pitkanen is hit by Daymond Langkow and loses puck.
4:41 of 2nd period - Minor Penalty to Kyle Brodziak for Holding.
4:42 of 2nd period - Henrik Sedin wins face-off versus Peter Regin in Blackhawks zone.
5:22 of 2nd period - Snap shot by Victor Oreskovich.
5:22 of 2nd period - Stopped by Jimmy Howard without a rebound.
5:23 of 2nd period - Adam Pineault wins face-off versus Peter Regin in Blackhawks zone.
5:32 of 2nd period - Minor Penalty to Adam Pineault for Interference.
5:33 of 2nd period - Patrick Kane wins face-off versus Wojtek Wolski in Bruins zone.
6:20 of 2nd period - Backhand shot by Jonathan Toews.
6:20 of 2nd period - Stopped by Karri Ramo with a rebound.
6:41 of 2nd period - Penalty to Kyle Brodziak is over, Kyle Brodziak is back on ice.
7:04 of 2nd period - Derick Brassard is hit by Ryan O'Byrne and loses puck.
7:25 of 2nd period - Joni Pitkanen is hit by Matt Cooke and loses puck.
7:32 of 2nd period - Penalty to Adam Pineault is over, Adam Pineault is back on ice.
7:41 of 2nd period - Snap shot by Victor Oreskovich.
7:41 of 2nd period - Shot Misses the Net.
8:35 of 2nd period - Off-side.
8:36 of 2nd period - Dave Bolland wins face-off versus Derick Brassard in neutral zone.
8:51 of 2nd period - Derick Brassard is hit by Viktor Stalberg and loses puck.
9:08 of 2nd period - Niclas Bergfors is hit by Nate Prosser.
9:13 of 2nd period - Off-side.
9:14 of 2nd period - Matt Hendricks wins face-off versus Jonathan Toews in neutral zone.
9:16 of 2nd period - Off-side.
9:17 of 2nd period - Jonathan Toews wins face-off versus Matt Hendricks in neutral zone.
9:46 of 2nd period - Slapshot by Nate Prosser.
9:46 of 2nd period - Shot Misses the Net.
9:54 of 2nd period - Wrist shot by Antoine Roussel.
9:54 of 2nd period - Stopped by Karri Ramo with a rebound.
10:04 of 2nd period - Snap shot by Peter Regin.
10:04 of 2nd period - Stopped by Karri Ramo without a rebound.
10:05 of 2nd period - Peter Regin wins face-off versus Henrik Sedin in Bruins zone.
10:08 of 2nd period - Wrist shot by Peter Regin.
10:08 of 2nd period - Stopped by Karri Ramo with a rebound.
11:22 of 2nd period - Snap shot by Matt Cooke.
11:22 of 2nd period - Stopped by Jimmy Howard without a rebound.
11:23 of 2nd period - Derick Brassard wins face-off versus Henrik Sedin in Blackhawks zone.
11:36 of 2nd period - Snap shot by Wojtek Wolski.
11:36 of 2nd period - Shot Misses the Net.
11:38 of 2nd period - Slapshot by Ryan O'Byrne.
11:38 of 2nd period - Deflect By Henrik Sedin.
11:38 of 2nd period - Shot Misses the Net.
11:38 of 2nd period - Puck is out of play.
11:39 of 2nd period - Dave Bolland wins face-off versus Ryan Hollweg in Blackhawks zone.
11:40 of 2nd period - Wrist shot by Viktor Stalberg.
11:40 of 2nd period - Shot Blocked by Ryan Hollweg.
12:27 of 2nd period - Icing by Mark Stuart.
12:28 of 2nd period - Matt Hendricks wins face-off versus Peter Regin in Bruins zone.
12:28 of 2nd period - Matt Hendricks is hit by Peter Regin.
12:54 of 2nd period - Victor Oreskovich is hit by Derick Brassard and loses puck.
13:19 of 2nd period - Snap shot by Daymond Langkow.
13:19 of 2nd period - Stopped by Jimmy Howard with a rebound.
13:32 of 2nd period - Off-side.
13:33 of 2nd period - Kyle Brodziak wins face-off versus Dave Bolland in neutral zone.
14:00 of 2nd period - Wojtek Wolski is hit by Patrick Kane.
14:49 of 2nd period - Snap shot by Tomas Fleischmann.
14:49 of 2nd period - Stopped by Karri Ramo without a rebound.
14:50 of 2nd period - Derick Brassard wins face-off versus Henrik Sedin in Bruins zone.
14:53 of 2nd period - Wrist shot by Patrick Kane.
14:53 of 2nd period - Shot Misses the Net.
14:55 of 2nd period - Snap shot by Derick Brassard.
14:55 of 2nd period - Shot Blocked by Jason Demers.
14:57 of 2nd period - Slapshot by Ian White.
14:57 of 2nd period - Shot Blocked by Jason Demers.
14:59 of 2nd period - Slapshot by Ian White.
14:59 of 2nd period - Shot Blocked by Henrik Sedin.
15:01 of 2nd period - Wrist shot by Antoine Roussel.
15:01 of 2nd period - Stopped by Karri Ramo without a rebound.
15:02 of 2nd period - Henrik Sedin wins face-off versus Derick Brassard in Bruins zone.
15:02 of 2nd period - Henrik Sedin is hit by Antoine Roussel.
15:14 of 2nd period - Snap shot by Patrick Kane.
15:14 of 2nd period - Shot Misses the Net.
15:37 of 2nd period - Daymond Langkow is hit by Niclas Bergfors and loses puck.
16:19 of 2nd period - Snap shot by Wojtek Wolski.
16:19 of 2nd period - Deflect By Victor Oreskovich.
16:19 of 2nd period - Stopped by Jimmy Howard without a rebound.
16:20 of 2nd period - Derick Brassard wins face-off versus Henrik Sedin in Blackhawks zone.
16:45 of 2nd period - Matt Cooke is hit by Ryan Hollweg and loses puck.
16:50 of 2nd period - Snap shot by Jonathan Toews.
16:50 of 2nd period - Deflect By Ryan Hollweg.
16:50 of 2nd period - Stopped by Karri Ramo without a rebound.
16:51 of 2nd period - Jonathan Toews wins face-off versus Henrik Sedin in Bruins zone.
16:58 of 2nd period - Snap shot by Jonathan Toews.
16:58 of 2nd period - Deflect By Niclas Bergfors.
16:58 of 2nd period - Goal by Niclas Bergfors - Bruins : 2 - Blackhawks : 2.
16:59 of 2nd period - Henrik Sedin wins face-off versus Derick Brassard in neutral zone.
17:02 of 2nd period - Snap shot by Wojtek Wolski.
17:02 of 2nd period - Stopped by Jimmy Howard without a rebound.
17:03 of 2nd period - Henrik Sedin wins face-off versus Derick Brassard in Blackhawks zone.
17:08 of 2nd period - Wrist shot by Wojtek Wolski.
17:08 of 2nd period - Shot Misses the Net.
17:46 of 2nd period - Slapshot by Antoine Roussel.
17:46 of 2nd period - Goal by Antoine Roussel - Bruins : 2 - Blackhawks : 3.
17:47 of 2nd period - Jonathan Toews wins face-off versus Daymond Langkow in neutral zone.
18:00 of 2nd period - Denis Grebeshkov is hit by Mark Stuart and loses puck.
18:51 of 2nd period - Wojtek Wolski is hit by Derick Brassard and loses puck.
19:15 of 2nd period - Joni Pitkanen is hit by Wojtek Wolski and loses puck.
19:29 of 2nd period - Off-side.
19:30 of 2nd period - Daymond Langkow wins face-off versus Jonathan Toews in neutral zone.
19:33 of 2nd period - Snap shot by Daymond Langkow.
19:33 of 2nd period - Stopped by Jimmy Howard without a rebound.
19:34 of 2nd period - Jonathan Toews wins face-off versus Daymond Langkow in Blackhawks zone.
19:39 of 2nd period - Snap shot by Adam Pineault.
19:39 of 2nd period - Shot Misses the Net.
19:41 of 2nd period - Snap shot by Daymond Langkow.
19:41 of 2nd period - Stopped by Jimmy Howard without a rebound.
19:42 of 2nd period - Daymond Langkow wins face-off versus Jonathan Toews in Blackhawks zone.
19:45 of 2nd period - Snap shot by Daymond Langkow.
19:45 of 2nd period - Stopped by Jimmy Howard with a rebound.
19:53 of 2nd period - Slapshot by Andrew Alberts.
19:53 of 2nd period - Shot Misses the Net.
Goals for this period are 1 for Bruins vs 2 for Blackhawks.
Shots for this period are 12 for Bruins vs 10 for Blackhawks.
3rd period
0:01 of 3rd period - Henrik Sedin wins face-off versus Antoine Roussel in neutral zone.
0:26 of 3rd period - Jason Demers is hit by Niclas Bergfors and loses puck.
0:34 of 3rd period - Off-side.
0:35 of 3rd period - Henrik Sedin wins face-off versus Jonathan Toews in neutral zone.
0:35 of 3rd period - Henrik Sedin is hit by Ryan Hollweg.
0:39 of 3rd period - Slapshot by Wojtek Wolski.
0:39 of 3rd period - Stopped by Jimmy Howard with a rebound.
1:28 of 3rd period - Slapshot by Kyle Brodziak.
1:28 of 3rd period - Stopped by Karri Ramo without a rebound.
1:29 of 3rd period - Henrik Sedin wins face-off versus Kyle Brodziak in Bruins zone.
1:29 of 3rd period - Henrik Sedin is hit by Ian White.
1:37 of 3rd period - Slapshot by Oleg Saprykin.
1:37 of 3rd period - Stopped by Karri Ramo without a rebound.
1:38 of 3rd period - Henrik Sedin wins face-off versus Antoine Roussel in Bruins zone.
2:34 of 3rd period - Snap shot by Niclas Bergfors.
2:34 of 3rd period - Shot Misses the Net.
2:54 of 3rd period - Wrist shot by Kyle Brodziak.
2:54 of 3rd period - Shot Misses the Net.
3:28 of 3rd period - Snap shot by Dave Bolland.
3:28 of 3rd period - Stopped by Jimmy Howard with a rebound.
3:30 of 3rd period - Wrist shot by Viktor Stalberg.
3:30 of 3rd period - Stopped by Jimmy Howard without a rebound.
3:31 of 3rd period - Erik Condra wins face-off versus Ryan Hollweg in Blackhawks zone.
3:56 of 3rd period - Dave Bolland is hit by Joni Pitkanen and loses puck.
4:46 of 3rd period - Wrist shot by Kyle Brodziak.
4:46 of 3rd period - Stopped by Karri Ramo with a rebound.
4:48 of 3rd period - Backhand shot by Kurt Sauer.
4:48 of 3rd period - Shot Misses the Net.
5:07 of 3rd period - Snap shot by Niclas Bergfors.
5:07 of 3rd period - Stopped by Karri Ramo with a rebound.
5:21 of 3rd period - Victor Oreskovich is hit by Antoine Roussel.
5:25 of 3rd period - Derick Brassard is hit by Victor Oreskovich and loses puck.
5:42 of 3rd period - Slapshot by Tomas Fleischmann.
5:42 of 3rd period - Stopped by Karri Ramo without a rebound.
5:43 of 3rd period - Peter Regin wins face-off versus Dave Bolland in Bruins zone.
5:49 of 3rd period - Minor Penalty to Dave Bolland for Hooking.
5:50 of 3rd period - Henrik Sedin wins face-off versus Derick Brassard in Bruins zone.
6:06 of 3rd period - Wrist shot by Wojtek Wolski.
6:06 of 3rd period - Stopped by Jimmy Howard without a rebound.
6:07 of 3rd period - Antoine Roussel wins face-off versus Henrik Sedin in Blackhawks zone.
6:36 of 3rd period - Wojtek Wolski is hit by Niclas Bergfors.
6:40 of 3rd period - Andrew Alberts is hit by Jonathan Toews and loses puck.
7:49 of 3rd period - Penalty to Dave Bolland is over, Dave Bolland is back on ice.
8:19 of 3rd period - Off-side.
8:20 of 3rd period - Matt Hendricks wins face-off versus Kyle Brodziak in neutral zone.
8:23 of 3rd period - Kurt Sauer is hit by Kris Chucko and loses puck.
8:58 of 3rd period - Slapshot by Mark Stuart.
8:58 of 3rd period - Stopped by Jimmy Howard with a rebound.
9:02 of 3rd period - Wrist shot by Kris Chucko.
9:02 of 3rd period - Shot Misses the Net.
9:14 of 3rd period - Oleg Saprykin is hit by Curtis Glencross and loses puck.
10:23 of 3rd period - Slapshot by Ryan O'Byrne.
10:23 of 3rd period - Shot Blocked by Ian White.
10:25 of 3rd period - Snap shot by Curtis Glencross.
10:25 of 3rd period - Shot Misses the Net.
11:13 of 3rd period - Icing by Joni Pitkanen.
11:14 of 3rd period - Henrik Sedin wins face-off versus Carson Mcmillan in Blackhawks zone.
12:37 of 3rd period - Kurt Sauer is hit by Adam Pineault and loses puck.
12:48 of 3rd period - Slapshot by Denis Grebeshkov.
12:48 of 3rd period - Stopped by Karri Ramo without a rebound.
12:49 of 3rd period - Derick Brassard wins face-off versus Dave Bolland in Bruins zone.
12:59 of 3rd period - Snap shot by Brendan Bell.
12:59 of 3rd period - Stopped by Karri Ramo with a rebound.
13:09 of 3rd period - Minor Penalty to Derick Brassard for Diving.
13:10 of 3rd period - Henrik Sedin wins face-off versus Jonathan Toews in Blackhawks zone.
13:13 of 3rd period - Wrist shot by Henrik Sedin.
13:13 of 3rd period - Shot Misses the Net.
13:15 of 3rd period - Slapshot by Andrew Alberts.
13:15 of 3rd period - Stopped by Jimmy Howard with a rebound.
13:17 of 3rd period - Slapshot by Jason Demers.
13:17 of 3rd period - Shot Blocked by Antoine Roussel.
13:19 of 3rd period - Slapshot by Andrew Alberts.
13:19 of 3rd period - Stopped by Jimmy Howard with a rebound.
13:40 of 3rd period - Peter Regin is hit by Adam Pineault and loses puck.
13:45 of 3rd period - Snap shot by Daymond Langkow.
13:45 of 3rd period - Deflect By Denis Grebeshkov.
13:45 of 3rd period - Stopped by Jimmy Howard with a rebound.
14:15 of 3rd period - Brendan Bell is hit by Ryan O'Byrne.
14:25 of 3rd period - Icing by Matt Cooke.
14:26 of 3rd period - Peter Regin wins face-off versus Daymond Langkow in Bruins zone.
15:09 of 3rd period - Penalty to Derick Brassard is over, Derick Brassard is back on ice.
15:21 of 3rd period - Viktor Stalberg is hit by Niclas Bergfors and loses puck.
15:32 of 3rd period - Slapshot by Antoine Roussel.
15:32 of 3rd period - Shot Misses the Net.
15:35 of 3rd period - Icing by Daymond Langkow.
15:36 of 3rd period - Antoine Roussel wins face-off versus Daymond Langkow in Bruins zone.
16:09 of 3rd period - Erik Condra is hit by Denis Grebeshkov.
16:41 of 3rd period - Slapshot by Denis Grebeshkov.
16:41 of 3rd period - Shot Misses the Net.
16:43 of 3rd period - Slapshot by Kurt Sauer.
16:43 of 3rd period - Shot Blocked by Matt Cooke.
16:45 of 3rd period - Backhand shot by Patrick Kane.
16:45 of 3rd period - Shot Blocked by Justin Falk.
16:47 of 3rd period - Slapshot by Kurt Sauer.
16:47 of 3rd period - Deflect By Patrick Kane.
16:47 of 3rd period - Shot Misses the Net.
16:47 of 3rd period - Puck is out of play.
16:48 of 3rd period - Dave Bolland wins face-off versus Jonathan Toews in Bruins zone.
17:01 of 3rd period - Snap shot by Niclas Bergfors.
17:01 of 3rd period - Deflect By Jonathan Toews.
17:01 of 3rd period - Stopped by Karri Ramo with a rebound.
17:03 of 3rd period - Slapshot by Brendan Bell.
17:03 of 3rd period - Stopped by Karri Ramo without a rebound.
17:04 of 3rd period - Peter Regin wins face-off versus Henrik Sedin in Bruins zone.
18:01 of 3rd period - Snap shot by Derick Brassard.
18:01 of 3rd period - Shot Blocked by Dave Bolland.
18:54 of 3rd period - Bruins, Karri Ramo is pulled from the net.
18:54 of 3rd period - Snap shot by Dave Bolland.
18:54 of 3rd period - Shot Blocked by Ian White.
19:04 of 3rd period - Ian White is hit by Henrik Sedin and loses puck.
19:11 of 3rd period - Wrist shot by Wojtek Wolski.
19:11 of 3rd period - Deflect By Victor Oreskovich.
19:11 of 3rd period - Shot Misses the Net.
19:11 of 3rd period - Puck is out of play.
19:12 of 3rd period - Randy Carlyle call a timeout for Bruins.
19:12 of 3rd period - Patrick Kane wins face-off versus Henrik Sedin in Blackhawks zone.
19:30 of 3rd period - Off-side.
19:31 of 3rd period - Henrik Sedin wins face-off versus Derick Brassard in neutral zone.
19:34 of 3rd period - Snap shot by Henrik Sedin.
19:34 of 3rd period - Goal by Henrik Sedin - Bruins : 3 - Blackhawks : 3.
19:34 of 3rd period - Karri Ramo from Bruins was sent back in the game.
19:35 of 3rd period - Peter Regin wins face-off versus Dave Bolland in neutral zone.
19:40 of 3rd period - Snap shot by Patrick Kaleta.
19:40 of 3rd period - Shot Blocked by Erik Condra.
Goals for this period are 1 for Bruins vs 0 for Blackhawks.
Shots for this period are 9 for Bruins vs 9 for Blackhawks.
Overtime #1
0:01 of 1st overtime period - Wojtek Wolski wins face-off versus Patrick Kane in neutral zone.
0:23 of 1st overtime period - Icing by Joni Pitkanen.
0:24 of 1st overtime period - Wojtek Wolski wins face-off versus Patrick Kane in Blackhawks zone.
0:27 of 1st overtime period - Snap shot by Wojtek Wolski.
0:27 of 1st overtime period - Stopped by Jimmy Howard with a rebound.
1:00 of 1st overtime period - Slapshot by Jonathan Toews.
1:00 of 1st overtime period - Stopped by Karri Ramo with a rebound.
1:06 of 1st overtime period - Joni Pitkanen is hit by Jason Demers and loses puck.
1:34 of 1st overtime period - Slapshot by Denis Grebeshkov.
1:34 of 1st overtime period - Shot Blocked by Ryan O'Byrne.
1:52 of 1st overtime period - Slapshot by Viktor Stalberg.
1:52 of 1st overtime period - Stopped by Jimmy Howard without a rebound.
1:53 of 1st overtime period - Wojtek Wolski wins face-off versus Patrick Kane in Blackhawks zone.
2:24 of 1st overtime period - Niclas Bergfors is hit by Ryan O'Byrne and loses puck.
2:53 of 1st overtime period - Wrist shot by Tomas Fleischmann.
2:53 of 1st overtime period - Shot Misses the Net.
3:11 of 1st overtime period - Derick Brassard is hit by Andrew Alberts.
3:25 of 1st overtime period - Slapshot by Ryan O'Byrne.
3:25 of 1st overtime period - Shot Blocked by Jonathan Toews.
3:27 of 1st overtime period - Slapshot by Mark Stuart.
3:27 of 1st overtime period - Shot Blocked by Niclas Bergfors.
3:29 of 1st overtime period - Slapshot by Mark Stuart.
3:29 of 1st overtime period - Deflect By Niclas Bergfors.
3:29 of 1st overtime period - Stopped by Jimmy Howard without a rebound.
3:30 of 1st overtime period - Patrick Kane wins face-off versus Wojtek Wolski in Blackhawks zone.
3:30 of 1st overtime period - Patrick Kane is hit by Henrik Sedin.
4:01 of 1st overtime period - Jonathan Toews is hit by Andrew Alberts and loses puck.
4:34 of 1st overtime period - Mark Stuart is hit by Joni Pitkanen and loses puck.
4:53 of 1st overtime period - Kurt Sauer is hit by Ryan O'Byrne and loses puck.
Goals for this period are 0 for Bruins vs 0 for Blackhawks.
Shots for this period are 3 for Bruins vs 1 for Blackhawks.
ShootOut
5:00 of 1st overtime period - Penalty Shot by Wojtek Wolski for Bruins.
5:00 of 1st overtime period - Snap shot by Wojtek Wolski.
5:00 of 1st overtime period - Stopped by Jimmy Howard.
5:00 of 1st overtime period - Penalty Shot by Patrick Kane for Blackhawks.
5:00 of 1st overtime period - Backhand shot by Patrick Kane.
5:00 of 1st overtime period - Goal by Patrick Kane.
5:00 of 1st overtime period - Penalty Shot by Henrik Sedin for Bruins.
5:00 of 1st overtime period - Snap shot by Henrik Sedin.
5:00 of 1st overtime period - Stopped by Jimmy Howard.
5:00 of 1st overtime period - Penalty Shot by Derick Brassard for Blackhawks.
5:00 of 1st overtime period - Wrist shot by Derick Brassard.
5:00 of 1st overtime period - Stopped by Karri Ramo.
5:00 of 1st overtime period - Penalty Shot by Victor Oreskovich for Bruins.
5:00 of 1st overtime period - Deke by Victor Oreskovich.
5:00 of 1st overtime period - Goal by Victor Oreskovich.
5:00 of 1st overtime period - Penalty Shot by Jonathan Toews for Blackhawks.
5:00 of 1st overtime period - Backhand shot by Jonathan Toews.
5:00 of 1st overtime period - Goal by Jonathan Toews.
Back to the Top